 Dungeon Crawl Stone Soup version 0.31-a0-426-g3a05650e59 (webtiles) character file.

Game seed: 8373148797049569889

5948 floatRand the Grappler (level 10, -8/71 HPs)
             Began as a Pale Draconian Shapeshifter on July 30, 2023.
             Was a Believer of Wu Jian.
             Mangled by a freezing wraith (12 damage)
             ... on level 9 of the Dungeon.
             The game lasted 00:10:12 (7851 turns).

floatRand the Grappler (DrSh)                       Turns: 7851, Time: 00:10:15

Health: -8/71      AC:  7    Str: 18    XL:     10   Next: 54%
Magic:  10/10      EV: 12    Int:  9    God:    Wu Jian [**....]
Gold:   450        SH:  0    Dex: 15    Spells: 9/9 levels left

rFire   . .          .
                       - Unarmed
rCold   . . .        (no shield)
rNeg    . . .        (body armour unavailable)
rPois   +            (helmet currently unavailable)
rElec   .            (cloak currently unavailable)
rCorr   +            (gloves currently unavailable)
SInv    .            (boots currently unavailable)
Will    .....        (no amulet)
Stlth   +            k - ring of resist corrosion
HPRegen 0.31/turn    c - ring of poison resistance
MPRegen 0.12/turn

%: no passive effects
@: short of breath, beast-form, slowed, very slow
A: beast (slay +5), breathe steam, AC +7, unfitting armour, cold-blooded, steam
resistance
a: Breathe Steam, Begin Untransformation, Renounce Religion, Wall Jump


You were on level 9 of the Dungeon.
You worshipped Wu Jian.
Wu Jian was pleased with you.
You were a hulking beast.
You visited 2 branches of the dungeon, and saw 10 of its levels.

You collected 450 gold pieces.

Inventory:

Armour
 o - a scarf of resistance
 A - a +0 pair of gloves
Jewellery
 c - a ring of poison resistance (right hand)
 k - a ring of resist corrosion (left hand)
 x - a ring of flight
Talismans
 b - a beast talisman (active)
Wands
 t - a wand of paralysis (16)
Scrolls
 a - 3 scrolls of fear
 i - 2 scrolls of teleportation
 j - a scroll of poison
 m - 3 scrolls of immolation
 n - a scroll of brand weapon
 y - 3 scrolls of fog
Potions
 d - 4 potions of mutation
 e - 5 potions of curing
 f - a potion of attraction
 g - 2 potions of magic {unknown}
 h - 3 potions of brilliance
 l - 4 potions of heal wounds
 p - a potion of cancellation
 r - a potion of invisibility {unknown}
 s - 3 potions of haste {unknown}
 u - 2 potions of enlightenment {unknown}
 v - 2 potions of degeneration {unknown}
 w - 2 potions of might


   Skills:
 - Level 1.1 Fighting
 - Level 1.7 Dodging
 * Level 13.2 Unarmed Combat
 + Level 8.4 Shapeshifting


You had 9 spell levels left.
You didn't know any spells.
Your spell library was empty.

Dungeon Overview and Level Annotations

Branches:
Dungeon (9/15)             Temple (1/1) D:6
   Lair: D:8-11         Orc: D:9-12

Altars:
Cheibriados
Dithmenos
Elyvilon
Fedhas
Gozag
Hepliaklqana
Kikubaaqudgha
Makhleb
Nemelex Xobeh
Okawaru
Qazlal
Ru
Sif Muna
Trog
Uskayaw
Vehumet
Wu Jian
Xom
Yredelemnul
Zin
The Shining One

Shops:
D:3 :

Annotations:
D:6 3 runed translucent doors, Vorhees's ghost, novice GnHu


Innate Abilities, Weirdness & Mutations

You are a hulking beast.
Your limbs bulge with bestial killing power. (Slay +5)
You can breathe blasts of scalding, opaque steam.
Your pale cyan-grey scales are hard. (AC +7)
You cannot fit into any form of body armour.
You are cold-blooded and may be slowed by cold attacks.
You are immune to the effects of steam.


Message History

The howler monkey hoots and howls with incredible vigour!
You hear a horrible gurgling sound!
You pummel the howler monkey!!
You kill the howler monkey!
The Council accepts your kill.
No target in view!
You open the door.
You have got your breath back.
Found 6 stones.
There is an open door here.
A freezing wraith is nearby!
A freezing wraith is nearby!
A freezing wraith is nearby!
You exhale a blast of scalding steam.
There is an open door, spattered with blood here.
You lunge at the freezing wraith.
You hit the freezing wraith but do no damage.
The freezing wraith is moderately damaged.
The freezing wraith hits you! The freezing wraith freezes you!
The freezing wraith completely misses you.
There is an open door, spattered with blood here.
You punch the freezing wraith!
Your tail-slap misses the freezing wraith.
The freezing wraith is heavily damaged.
You hit the freezing wraith. You tail-slap the freezing wraith.
The freezing wraith is heavily damaged.
The freezing wraith closely misses you. The freezing wraith hits you!
The freezing wraith drains your vigour!
You feel yourself slow down.
You punch the freezing wraith!
The freezing wraith is almost destroyed.
The freezing wraith hits you but does no damage.
The freezing wraith hits you. The freezing wraith drains your vigour!
You feel as though you will be slow longer.
You closely miss the freezing wraith.
The freezing wraith is almost destroyed.
The freezing wraith hits you! The freezing wraith freezes you!!
You feel as though you will be slow longer.
* * * LOW HITPOINT WARNING * * *
The freezing wraith hits you!
You die...

.. . .. #.. #.###+
#...##.#..# '......#..#
#....§ #......'..+##
+...§§ #.....§#..#.+ +
#....§ #.....§#.W#.# .#
#..... #....§.+##h.# _.#
+..... #.....W#..#.#...#
#..... #......#..#.'...+
#.....
######.+..'###+###+
+.5.<. ....#..#.......#
#..... ... #..#.......#
##....
....###'###+###+####....
#....##..##..........
#....##.###..........


You could see a freezing wraith.

Vanquished Creatures
  A two-headed ogre (D:8)
  Pikel (D:4)
  An orange demon (D:9)
  An ice devil (D:9)
  6 yaks (D:6)
  A wraith (D:8)
  A steam dragon (D:7)
  A water moccasin (D:6)
  5 orc warriors (D:8)
  2 sky beasts
  2 black bears
  3 ogres
  2 centaurs
  A lemure (D:4)
  A phantom (D:6)
  2 kobold brigands
  5 bullfrogs
  2 scorpions
  4 killer bees
  3 howler monkeys
  5 hounds
  2 quasits (D:9)
  4 orc priests
  A gnoll bouda (D:6)
  4 iguanas
  A sleepcap (D:4)
  5 orc wizards
  8 adders
  12 gnolls
  A white imp (D:9)
  2 worms
  2 dart slugs
  45 orcs
  6 ball pythons
  3 bats
  10 endoplasms
  2 goblins (D:3)
  12 hobgoblins
  15 kobolds
  A quokka (D:1)
  3 frilled lizards (D:1)
  6 rats
195 creatures vanquished.

Vanquished Creatures (others)
  A jelly (D:7)
1 creature vanquished.

Grand Total: 196 creatures vanquished

Notes
Turn   | Place    | Note
-------+----------+-------------------------------------------
     0 | D:1      | floatRand the Draconian Shapeshifter began the quest for
                  | the Orb.
     0 | D:1      | Reached XP level 1. HP: 16/16 MP: 1/1
   140 | D:1      | Found a faded altar of an unknown god.
   258 | D:1      | Reached XP level 2. HP: 20/23 MP: 2/2
   956 | D:2      | Reached XP level 3. HP: 28/28 MP: 3/3
  1008 | D:2      | Reached skill level 4 in Unarmed Combat
  1466 | D:3      | Reached XP level 4. HP: 35/35 MP: 4/4
  1535 | D:3      | Found Veiplem's Book Shop.
  1618 | D:3      | Found a faded altar of an unknown god.
  1622 | D:3      | Found an opulent altar of Gozag.
  2200 | D:4      | Reached skill level 5 in Unarmed Combat
  2200 | D:4      | Reached XP level 5. HP: 35/40 MP: 5/5
  2337 | D:4      | HP: 3/60 [gnoll/+0 spear (4)]
  2474 | D:4      | Noticed an ogre
  2594 | D:4      | Noticed Pikel
  2594 | D:4      | Noticed a lemure
  2615 | D:4      | Killed a lemure
  2797 | D:4      | Noticed a lemure
  2797 | D:4      | Noticed a lemure
  2797 | D:4      | Noticed a lemure
  2808 | D:4      | Killed Pikel
  2809 | D:4      | Reached skill level 7 in Unarmed Combat
  2809 | D:4      | Reached XP level 6. HP: 47/47 MP: 6/6
  2809 | D:4      | Your scales start taking on a pale cyan-grey colour.
  2809 | D:4      | Reached XP level 7. HP: 52/52 MP: 7/7
  2809 | D:4      | Gained mutation: You are immune to the effects of steam.
                  | [Pale Draconian growth]
  2828 | D:4      | Reached skill level 5 in Shapeshifting
  3048 | D:4      | Reached skill level 8 in Unarmed Combat
  3048 | D:4      | Reached XP level 8. HP: 59/59 MP: 8/8
  3393 | D:5      | Entered Level 5 of the Dungeon
  3598 | D:5      | Identified the +2 hand axe of the Chickpea {elec, *Rage rC-
                  | rCorr MP+9}
  3888 | D:5      | Found a shimmering blue altar of Sif Muna.
  3978 | D:6      | Found a glowing golden altar of the Shining One.
  3983 | D:6      | Found a basalt altar of Yredelemnul.
  4015 | D:6      | Found a staircase to the Ecumenical Temple.
  4028 | D:6      | Reached skill level 9 in Unarmed Combat
  4040 | Temple   | Entered the Ecumenical Temple
  4092 | Temple   | Became a worshipper of the Wu Jian Council
  4504 | D:6      | Reached skill level 10 in Unarmed Combat
  4504 | D:6      | Reached XP level 9. HP: 64/64 MP: 9/9
  4823 | D:6      | Found a runed translucent gate.
  4823 | D:6      | Found a runed translucent gate.
  4823 | D:6      | Found an opulent altar of Gozag.
  4824 | D:6      | Found a runed translucent gate.
  4826 | D:6      | Noticed Vorhees's ghost (novice GnHu)
  4932 | D:6      | Reached skill level 11 in Unarmed Combat
  5033 | D:6      | Reached * piety under Wu Jian
  5105 | D:6      | Noticed a profane servitor
  5141 | D:6      | Noticed an angel
  5463 | D:7      | Found a radiant altar of Vehumet.
  6634 | D:8      | Identified the +5 scale mail of Dustromo {rC+ Slay+3}
  6651 | D:8      | Reached skill level 12 in Unarmed Combat
  6662 | D:8      | Reached XP level 10. HP: 38/71 MP: 10/10
  6855 | D:8      | Found a shimmering altar of Xom.
  6928 | D:8      | Noticed a two-headed ogre
  6965 | D:8      | Killed a two-headed ogre
  7141 | D:8      | Reached ** piety under Wu Jian
  7536 | D:9      | Reached skill level 13 in Unarmed Combat
  7580 | D:9      | Noticed a rust devil
  7580 | D:9      | Noticed an orange demon
  7667 | D:9      | Noticed an orange demon
  7699 | D:9      | Killed an orange demon
  7829 | D:9      | Found a hazy altar of Hepliaklqana.
  7851 | D:9      | Mangled by a freezing wraith

Illustrated notes

Levels and vault maps discovered:
D:1:      dpeg_arrival_prison, layout_basic, dilly_ecumenical_altar_fadedgnrine,
          chequers_decorated_corner
D:2:      layout_rooms
D:3:      layout_basic, nicolae_overflow_ecumenical_swirl, serial_shops, shop,
          serial_aquarium, aquarium_bridge_island_small
          [aquarium_subvault_small_open, aquarium_subvault_bridge,
          aquarium_subvault_bridge, aquarium_subvault_bridge,
          aquarium_subvault_wall], aquarium_window_corner, aquarium_window_1,
          aquarium_window_corridor_3, aquarium_view_2d, aquarium_view_2b
D:4:      layout_loops_ring, kennysheep_boxes, uniq_pikel
D:5:      layout_basic, led_sif_pool
D:6:      layout_gridville, grunt_temple_overflow_holy_war, temple_green,
          ebering_ghost_gozag, corexii_item_surrounded_by_moat
D:7:      layout_loops_cross, fiery_altar_vehumet, moated_statue,
          roderic_roman_lattice
D:8:      layout_loops_corners, lemuel_doored_altar, special_room
          [special_room_orc], chequers_serial_rivers_large_a
D:9:      layout_stronghold, mainiacjoe_overflow_24_doors, serial_demonic,
          serial_demonic_d, serial_demonic_c, serial_demonic_a,
          serial_demonic_d, serial_demonic_c, serial_demonic_b,
          hellmonk_guarded_unrand_frostbite
Temple:   jpeg_temple_clearing

Skill      XL: |  1  2  3  4  5  6  7  8  9 10 |
---------------+-------------------------------+-----
Unarmed Combat | 4 5 7 8 10 12 13 | 13.2
Shapeshifting  | 4 5 6 7 8 |  8.4
Fighting       | |  1.1
Dodging        | |  1.7

Action                     |  1- 3 |  4- 6 |  7- 9 | 10-12 || total
---------------------------+-------+-------+-------+-------++-------
  Melee: Unarmed           |    81 |    98 |   130 |    73 ||   382
         Tailslap          |     4 |    13 |    17 |    10 ||    44
         Punch             |       |     1 |     7 |     6 ||    14
Ability: Breathe Steam     |       |       |    32 |    15 ||    47
         Lunge             |       |       |     8 |    10 ||    18
         Whirlwind         |       |       |     4 |       ||     4
  Evoke: Wand              |       |     1 |       |       ||     1
    Use: Potion            |       |     2 |       |       ||     2
         Scroll            |       |       |    16 |       ||    16
   Stab: Sleeping          |     2 |       |       |       ||     2
         Paralysed         |       |     7 |       |       ||     7
 Armour: Skin              |    18 |    40 |    32 |    26 ||   116
  Dodge: Dodged            |    48 |    47 |    84 |    31 ||   210

Table legend: (Time is in decaauts)
 A = Elapsed time spent in this place.
 B = Non-inter-level travel time spent in this place.
 C = Inter-level travel time spent in this place.
 D = Time resting spent in this place.
 E = Time spent auto-exploring this place.
 F = Levels seen in this place.
 G = Mean time per level.
                   A        B        C        D        E       F      G
               +--------+--------+--------+--------+--------+-----+--------+
         Total |   7814 |   7610 |    204 |    825 |   4975 |  10 |  781.4 |
       Dungeon |   7733 |   7554 |    179 |    825 |   4975 |   9 |  859.2 |
        Temple |     80 |     55 |     25 |      0 |      0 |   1 |   80.0 |
               +--------+--------+--------+--------+--------+-----+--------+

Top non-repeatable levels by time:
     D:8: 1307 daAuts
     D:6: 1200 daAuts
     D:4: 1089 daAuts
     D:7: 939 daAuts
     D:1: 915 daAuts
     D:3: 845 daAuts
     D:5: 555 daAuts
     D:2: 528 daAuts
     D:9: 351 daAuts
  Temple: 80 daAuts
